TOP OF THE 1ST |
Oakland Oaks batting - Pitching for Chicago Hawks : RHP Ralph Haggerty
|
Pitching: RHP Ralph Haggerty
|
|
Batting: SHB Luis Luquín
|
0-0: Called Strike 0-1: Ground out 6-3 (Groundball, 6)
|
Batting: LHB Todd Henry
|
0-0: Ball 1-0: Swinging Strike 1-1: Foul Ball, location: 2F 1-2: DOUBLE (Line Drive, 89D)
|
Batting: RHB Joseph Papasogli
|
0-0: TRIPLE (Groundball, 5L) Todd Henry scores
|
Batting: RHB Armando Rodríguez
|
0-0: Called Strike 0-1: Ball 1-1: Called Strike 1-2: Fly out, F7 (Flyball, 7) Runner from 3rd tags up, SCORES, no throw
|
Batting: LHB David Holbrook
|
0-0: Foul Ball, location: 2F 0-1: Ball 1-1: Ball 2-1: Ball 3-1: Ground out 5-3 (Groundball, 56S)
|
Top of the 1st over - 2 runs, 2 hits, 0 errors, 0 left on base; Oakland 2 - Chicago 0 |
BOTTOM OF THE 1ST |
Chicago Hawks batting - Pitching for Oakland Oaks : LHP Francisco Chávez
|
Pitching: LHP Francisco Chávez
|
|
Batting: RHB Jack Head
|
0-0: Called Strike 0-1: Swinging Strike 0-2: Fly out, F8 (Flyball, 8LD)
|
Batting: RHB Reg Spiers
|
0-0: Ball 1-0: Foul Ball, location: 2F 1-1: Ground out 4-3 (Groundball, 4S)
|
Batting: LHB Jeff Simpson
|
0-0: Ball 1-0: Ball 2-0: Swinging Strike 2-1: Fly out, F8 (Flyball, 8RM)
|
Bottom of the 1st over - 0 runs, 0 hits, 0 errors, 0 left on base; Oakland 2 - Chicago 0 |
TOP OF THE 2ND |
Oakland Oaks batting - Pitching for Chicago Hawks : RHP Ralph Haggerty
|
Batting: RHB Raúl Chávez
|
0-0: Called Strike 0-1: Fly out, F5 (Line Drive, 56)
|
Batting: RHB Mike Wazowski
|
0-0: Foul Ball, location: 2F 0-1: Ball 1-1: Ball 2-1: Called Strike 2-2: SINGLE (Line Drive, 6M)
|
Batting: RHB Ricardo Téllez
|
0-0: Fly out, F5 (Popup, 5F)
|
Batting: RHB Joe Phillips
|
0-0: Ball 1-0: Called Strike 1-1: Ball 2-1: Swinging Strike 2-2: DOUBLE (Line Drive, 7LM) Mike Wazowski to third Mike Wazowski scores
|
Batting: SHB Luis Luquín
|
0-0: Foul Ball, location: 2F 0-1: Ball 1-1: Ball 2-1: Ball 3-1: SINGLE (Groundball, 4MD) Joe Phillips to third Runner from 3rd tries for Home, SAFE, no throw
|
Batting: LHB Todd Henry
|
0-0: Ball 1-0: Ball 2-0: Ball 3-0: Called Strike 3-1: Base on Balls Luis Luquín to second
|
Batting: RHB Joseph Papasogli
|
0-0: Fly out, F7 (Line Drive, 78D)
|
Top of the 2nd over - 2 runs, 3 hits, 0 errors, 2 left on base; Oakland 4 - Chicago 0 |
BOTTOM OF THE 2ND |
Chicago Hawks batting - Pitching for Oakland Oaks : LHP Francisco Chávez
|
Batting: LHB Scott Janousek
|
0-0: Ball 1-0: Ball 2-0: Foul Ball, location: 2F 2-1: Called Strike 2-2: Ground out 4-3 (Groundball, 4)
|
Batting: RHB Paddy Hodnett
|
0-0: Called Strike 0-1: Called Strike 0-2: Ground out 4-3 (Groundball, 34)
|
Batting: RHB Tevin McTevin
|
0-0: Foul Ball, location: 2F 0-1: Foul Ball, location: 2F 0-2: Ground out 5-3 (Groundball, 56)
|
Bottom of the 2nd over - 0 runs, 0 hits, 0 errors, 0 left on base; Oakland 4 - Chicago 0 |
TOP OF THE 3RD |
Oakland Oaks batting - Pitching for Chicago Hawks : RHP Ralph Haggerty
|
Batting: RHB Armando Rodríguez
|
0-0: Called Strike 0-1: Ball 1-1: Ball 2-1: Ball 3-1: Called Strike 3-2: Fly out, F9 (Flyball, 9S)
|
Batting: LHB David Holbrook
|
0-0: Called Strike 0-1: Fly out, F3 (Line Drive, 3)
|
Batting: RHB Raúl Chávez
|
0-0: Called Strike 0-1: Ball 1-1: Ball 2-1: Ground out 5-3 (Groundball, 5)
|
Top of the 3rd over - 0 runs, 0 hits, 0 errors, 0 left on base; Oakland 4 - Chicago 0 |
BOTTOM OF THE 3RD |
Chicago Hawks batting - Pitching for Oakland Oaks : LHP Francisco Chávez
|
Batting: RHB Vincente Rotham
|
0-0: Called Strike 0-1: Ground out 1-3 (Groundball, 15S)
|
Batting: LHB Curt Wilson
|
0-0: Ball 1-0: Ball 2-0: Called Strike 2-1: SINGLE (Groundball, 56D)
|
Batting: RHB Lorenzo Ramírez
|
0-0: Called Strike 0-1: Grounds into double play, 4-6-3 (Groundball, 4)
|
Bottom of the 3rd over - 0 runs, 1 hit, 0 errors, 0 left on base; Oakland 4 - Chicago 0 |
TOP OF THE 4TH |
Oakland Oaks batting - Pitching for Chicago Hawks : RHP Ralph Haggerty
|
Batting: RHB Mike Wazowski
|
0-0: Foul Ball, location: 2F 0-1: Ball 1-1: Ball 2-1: Ball 3-1: Foul Ball, location: 2F 3-2: Strikes out swinging
|
Batting: RHB Ricardo Téllez
|
0-0: Called Strike 0-1: Ball 1-1: Swinging Strike 1-2: Ground out 5-3 (Groundball, 56)
|
Batting: RHB Joe Phillips
|
0-0: Foul Ball, location: 2F 0-1: Ball 1-1: Swinging Strike 1-2: Ball 2-2: Strikes out looking
|
Top of the 4th over - 0 runs, 0 hits, 0 errors, 0 left on base; Oakland 4 - Chicago 0 |
BOTTOM OF THE 4TH |
Chicago Hawks batting - Pitching for Oakland Oaks : LHP Francisco Chávez
|
Batting: RHB Jack Head
|
0-0: Ball 1-0: Fly out, F7 (Flyball, 7)
|
Batting: RHB Reg Spiers
|
0-0: Ball 1-0: Ball 2-0: Called Strike 2-1: SINGLE (Groundball, 6D)
|
Batting: LHB Jeff Simpson
|
0-0: Ball 1-0: Ball 2-0: Foul Ball, location: 2F 2-1: Ball 3-1: Foul Ball, location: 2F 3-2: Base on Balls Reg Spiers to second
|
Batting: LHB Scott Janousek
|
0-0: Ball 1-0: Called Strike 1-1: Ball 2-1: Ball 3-1: Foul Ball, location: 2F 3-2: Strikes out looking
|
Batting: RHB Paddy Hodnett
|
0-0: Called Strike 0-1: Ball 1-1: Ground out 4-3 (Groundball, 4M)
|
Bottom of the 4th over - 0 runs, 1 hit, 0 errors, 2 left on base; Oakland 4 - Chicago 0 |
TOP OF THE 5TH |
Oakland Oaks batting - Pitching for Chicago Hawks : RHP Ralph Haggerty
|
Batting: SHB Luis Luquín
|
0-0: Called Strike 0-1: Ball 1-1: Foul Ball, location: 2F 1-2: Foul Ball, location: 2F 1-2: Fly out, F7 (Flyball, 7LD)
|
Batting: LHB Todd Henry
|
0-0: SINGLE (Line Drive, 7S)
|
Batting: RHB Joseph Papasogli
|
0-0: Ball 1-0: Called Strike 1-1: Fly out, F7 (Line Drive, 7D)
|
Batting: RHB Armando Rodríguez
|
0-0: Called Strike 0-1: Ball 1-1: Swinging Strike 1-2: Ball 2-2: Ball 3-2: Base on Balls Todd Henry to second
|
Batting: LHB David Holbrook
|
0-0: Fly out, F5 (Popup, 5SF)
|
Top of the 5th over - 0 runs, 1 hit, 0 errors, 2 left on base; Oakland 4 - Chicago 0 |
BOTTOM OF THE 5TH |
Chicago Hawks batting - Pitching for Oakland Oaks : LHP Francisco Chávez
|
Batting: RHB Tevin McTevin
|
0-0: Ball 1-0: Swinging Strike 1-1: Ball 2-1: Called Strike 2-2: Strikes out swinging
|
Batting: RHB Vincente Rotham
|
0-0: Ball 1-0: Called Strike 1-1: Fly out, F3 (Popup, 3SF)
|
Batting: LHB Curt Wilson
|
0-0: SINGLE (Line Drive, 8RS)
|
Batting: RHB Lorenzo Ramírez
|
0-0: Ball 1-0: SINGLE (Groundball, 34D) Curt Wilson to second Runner from 2nd tries for 3rd, SAFE, no throw
|
Batting: RHB Jack Head
|
0-0: Called Strike 0-1: Foul Ball, location: 2F 0-2: Ball 1-2: Foul Ball, location: 2F 1-2: Ball 2-2: Strikes out swinging
|
Bottom of the 5th over - 0 runs, 2 hits, 0 errors, 2 left on base; Oakland 4 - Chicago 0 |
TOP OF THE 6TH |
Oakland Oaks batting - Pitching for Chicago Hawks : RHP Ralph Haggerty
|
Batting: RHB Raúl Chávez
|
0-0: Ball 1-0: Ground out 5-3 (Groundball, 56)
|
Batting: RHB Mike Wazowski
|
0-0: Called Strike 0-1: Called Strike 0-2: Strikes out looking
|
Batting: RHB Ricardo Téllez
|
0-0: Foul Ball, location: 2F 0-1: Ball 1-1: Fly out, F8 (Flyball, 8LS)
|
Top of the 6th over - 0 runs, 0 hits, 0 errors, 0 left on base; Oakland 4 - Chicago 0 |
BOTTOM OF THE 6TH |
Chicago Hawks batting - Pitching for Oakland Oaks : LHP Francisco Chávez
|
Batting: RHB Reg Spiers
|
0-0: Called Strike 0-1: Foul Ball, location: 2F 0-2: Strikes out looking
|
Batting: LHB Jeff Simpson
|
0-0: Swinging Strike 0-1: Swinging Strike 0-2: Ball 1-2: Foul Ball, location: 2F 1-2: Foul Ball, location: 2F 1-2: SINGLE (Groundball, 56D)
|
Batting: LHB Scott Janousek
|
0-0: Called Strike 0-1: Fielders Choice at 2nd, 5-4 (Groundball, 5L)
|
Batting: RHB Paddy Hodnett
|
0-0: SINGLE (Groundball, 6MD) Scott Janousek to second
|
Batting: RHB Tevin McTevin
|
0-0: Called Strike 0-1: Ball 1-1: Ball 2-1: Foul Ball, location: 2F 2-2: Fly out, F8 (Line Drive, 8RD)
|
Bottom of the 6th over - 0 runs, 2 hits, 0 errors, 2 left on base; Oakland 4 - Chicago 0 |
TOP OF THE 7TH |
Oakland Oaks batting - Pitching for Chicago Hawks : RHP Ralph Haggerty
|
Batting: RHB Joe Phillips
|
0-0: SINGLE (Flyball, 9LS)
|
Batting: SHB Luis Luquín
|
0-0: Fly out, F4 (Popup, 34D)
|
Batting: LHB Todd Henry
|
0-0: Called Strike 0-1: Swinging Strike 0-2: Strikes out swinging
|
Pitching: RHP César Galló
|
|
Batting: RHB Joseph Papasogli
|
0-0: Ball 1-0: Ball 2-0: Fielders Choice at 2nd, 5-4 (Groundball, 56)
|
Top of the 7th over - 0 runs, 1 hit, 0 errors, 1 left on base; Oakland 4 - Chicago 0 |
BOTTOM OF THE 7TH |
Chicago Hawks batting - Pitching for Oakland Oaks : LHP Francisco Chávez
|
Batting: RHB Vincente Rotham
|
0-0: Called Strike 0-1: Ball 1-1: Foul Ball, location: 2F 1-2: Foul Ball, location: 2F 1-2: Ground out 6-3 (Groundball, 6)
|
Batting: LHB Curt Wilson
|
0-0: Fly out, F8 (Flyball, 8RS)
|
Batting: RHB Lorenzo Ramírez
|
0-0: Ball 1-0: Ball 2-0: Ground out 4-3 (Groundball, 4)
|
Bottom of the 7th over - 0 runs, 0 hits, 0 errors, 0 left on base; Oakland 4 - Chicago 0 |
TOP OF THE 8TH |
Oakland Oaks batting - Pitching for Chicago Hawks : RHP César Galló
|
Batting: RHB Armando Rodríguez
|
0-0: Ball 1-0: Called Strike 1-1: Ball 2-1: Fly out, F7 (Line Drive, 7D)
|
Batting: LHB David Holbrook
|
0-0: Called Strike 0-1: Foul Ball, location: 2F 0-2: Ball 1-2: Fly out, F5 (Popup, 5SF)
|
Batting: RHB Raúl Chávez
|
0-0: Ball 1-0: Called Strike 1-1: Swinging Strike 1-2: Fly out, F8 (Flyball, 8LS)
|
Top of the 8th over - 0 runs, 0 hits, 0 errors, 0 left on base; Oakland 4 - Chicago 0 |
BOTTOM OF THE 8TH |
Chicago Hawks batting - Pitching for Oakland Oaks : LHP Francisco Chávez
|
Batting: RHB Jack Head
|
0-0: Called Strike 0-1: Ball 1-1: Ground out 6-3 (Groundball, 6M)
|
Pitching: LHP Billy Mays
|
|
Batting: RHB Reg Spiers
|
0-0: Called Strike 0-1: Ball 1-1: Ground out 5-3 (Groundball, 56S)
|
Batting: LHB Jeff Simpson
|
0-0: Ball 1-0: Ball 2-0: Foul Ball, location: 2F 2-1: Called Strike 2-2: Ball 3-2: Strikes out swinging
|
Bottom of the 8th over - 0 runs, 0 hits, 0 errors, 0 left on base; Oakland 4 - Chicago 0 |
TOP OF THE 9TH |
Oakland Oaks batting - Pitching for Chicago Hawks : RHP César Galló
|
Batting: RHB Mike Wazowski
|
0-0: Called Strike 0-1: Ball 1-1: Ball 2-1: Ball 3-1: Foul Ball, location: 2F 3-2: Foul Ball, location: 2F 3-2: SINGLE (Groundball, 6D)
|
Batting: RHB Ricardo Téllez
|
0-0: Called Strike 0-1: Grounds into double play, 6-4-3 (Groundball, 6)
|
Batting: RHB Joe Phillips
|
0-0: Called Strike 0-1: Called Strike 0-2: SOLO HOME RUN (Flyball, 7LD), Distance : 340 ft
|
Batting: SHB Luis Luquín
|
0-0: Ball 1-0: DOUBLE (Line Drive, 9LM)
|
Batting: LHB Todd Henry
|
0-0: Foul Ball, location: 2F 0-1: Ball 1-1: Foul Ball, location: 2F 1-2: Ball 2-2: Ground out 5-3 (Groundball, 5L)
|
Top of the 9th over - 1 run, 3 hits, 0 errors, 1 left on base; Oakland 5 - Chicago 0 |
BOTTOM OF THE 9TH |
Chicago Hawks batting - Pitching for Oakland Oaks : LHP Billy Mays
|
Batting: LHB Scott Janousek
|
0-0: Ground out 4-3 (Groundball, 4)
|
Batting: RHB Paddy Hodnett
|
0-0: Ball 1-0: Ball 2-0: Called Strike 2-1: Swinging Strike 2-2: Hit by Pitch
|
Batting: RHB Tevin McTevin
|
0-0: Called Strike 0-1: SINGLE (Groundball, 6MD) Paddy Hodnett to second
|
Batting: RHB Vincente Rotham
|
0-0: Called Strike 0-1: Swinging Strike 0-2: Fielders Choice at 3rd, U5 (Groundball, 5L) Tevin McTevin to second
|
Batting: LHB Curt Wilson
|
0-0: Called Strike 0-1: Fly out, F8 (Flyball, 8RXD)
|
Bottom of the 9th over - 0 runs, 1 hit, 0 errors, 2 left on base; Oakland 5 - Chicago 0 |
|